 Dungeon Crawl Stone Soup version 0.30-a0-777-ga9a30cbeda (webtiles) character file.

Game seed: 952680422596194272

89 Flugslaktarn the Trooper (level 4, -6/31 HPs)
             Began as an Octopode Fighter on Feb 13, 2023.
             Killed from afar by an orc wizard (8 damage)
             ... with a magic dart
             ... on level 3 of the Dungeon.
             The game lasted 00:00:55 (2191 turns).

Flugslaktarn the Trooper (Octopode Fighter)         Turns: 2191, Time: 00:00:56

Health: -6/31      AC:  1    Str: 15    XL:     4   Next: 55%
Magic:  4/4        EV: 13    Int: 10    God:
Gold:   156        SH:  5    Dex: 13    Spells: 3/3 levels left

rFire   . . .      SeeInvis .    a - +0 war axe
rCold   . . .      Faith    .    b - +0 buckler
rNeg    . . .      Spirit   .    (helmet restricted)
rPois   .          Reflect  .    (no amulet)
rElec   .          Harm     .    (no ring)
rCorr   .          Rampage  .    (no ring)
Will    .....                    (no ring)
Stlth   ++                       (no ring)
HPRegen 0.25/turn                (no ring)
MPRegen 0.09/turn                (no ring)
                                 (no ring)
                                 (no ring)

@: no status effects
A: almost no armour, amphibious, 8 rings, camouflage 1, gelatinous body 1,
(nimble swimmer 1), tentacles
a: no special abilities


You were on level 3 of the Dungeon.
You visited 1 branch of the dungeon, and saw 3 of its levels.

You collected 156 gold pieces.

Inventory:

Hand Weapons
 a - a +0 war axe (weapon)
Armour
 b - a +0 buckler (worn)
Jewellery
 n - an amulet of the acrobat
   (You found it on level 2 of the Dungeon)
Wands
 p - a wand of mindburst (15)
   (You found it on level 3 of the Dungeon)
Scrolls
 c - 3 scrolls of identify {unknown}
 f - 5 scrolls of teleportation {unknown}
 g - a scroll of poison {unknown}
 l - 3 scrolls of noise {unknown}
 m - a scroll of silence {unknown}
Potions
 d - a potion of might
 e - 2 potions of cancellation {unknown}
 h - a potion of haste {unknown}
 i - 2 potions of curing {unknown}
 j - 2 potions of lignification {unknown}
 k - a potion of attraction {unknown}
 o - a potion of degeneration {unknown}


   Skills:
 + Level 3.5 Fighting
 * Level 3.2 Axes
 + Level 3.5 Dodging
 + Level 3.5 Shields


You had 3 spell levels left.
You didn't know any spells.
Your spell library contained the following spells:

 Spells                   Type           Power      Damage    Failure   Level
 Apportation              Tloc           0%         N/A       45%         1
 Magic Dart               Conj           0%         1d3       45%         1
 Sting                    Tmut/Pois      0%         1d3       45%         1
 Call Imp                 Summ           0%         N/A       58%         2
 Cigotuvi's Dreadful Rot  Necr/Pois/Air  0%         N/A       58%         2
 Sublimation of Blood     Necr           0%         N/A       58%         2
 Mephitic Cloud           Conj/Pois/Air  0%         N/A       83%         3
 Dispel Undead            Necr           0%         3d6       99%         4
 Alistair's Intoxication  Tmut/Pois      0%         N/A       100%        5
 Polar Vortex             Ice            0%         N/A       100%        9


Dungeon Overview and Level Annotations

Branches:
Dungeon (3/15)

Altars:


Innate Abilities, Weirdness & Mutations

You cannot wear most types of armour.
You are amphibious.
You can wear up to eight rings at the same time.
Your skin changes colour to match your surroundings (Stealth+).
Your rubbery body absorbs attacks. (AC +1, EV +1)
((You are camouflaged when in or above water. (Stealth+)))
You have tentacles for arms and can constrict up to eight enemies at once.


Message History

A rat comes into view.
A rat is nearby!
A rat is nearby!
The rat bites you.
You hit the rat.
You kill the rat!
No target in view!
No target in view!
No target in view!
No target in view!
You see here a rat corpse.
A goblin comes into view. It is wielding a +0 dagger.
A goblin is nearby!
A goblin is nearby!
The goblin shouts!
You hear a shout! x3
The goblin hits you with a +0 dagger.
You closely miss the goblin. You grab the goblin. You squeeze the goblin.
The goblin is moderately wounded.
You constrict the goblin.
You kill the goblin!
No target in view!
No target in view!
No target in view!
No target in view!
A bat comes into view.
A bat is nearby!
A bat is nearby!
You closely miss the bat. Your grab misses the bat. You squeeze the bat.
You kill the bat!
No target in view!
No target in view!
No target in view!
No target in view!
An orc comes into view. It is wielding a +0 hand axe.
A hobgoblin comes into view.
The orc moves out of view.
A hobgoblin is nearby!
A hobgoblin is nearby!
You closely miss the hobgoblin.
The orc shouts!
You grab the hobgoblin. You constrict the hobgoblin. The hobgoblin hits you.
An orc comes into view. It is wielding a +0 dagger.
You slash the hobgoblin!
You kill the hobgoblin!
An orc wizard comes into view. It is wielding a +0 dagger.
An orc comes into view. It is wielding a +0 flail.
An orc comes into view. It is wielding a +0 club.
You closely miss the orc.
The orc shouts!
The orc wizard shouts!
You grab the orc. You constrict the orc. The orc hits you with a +0 hand axe.
The orc wizard mumbles some strange words.
The orc wizard flickers and vanishes!
Deactivating autopickup; reactivate with Ctrl-A.
The orc struggles to escape constriction.
You barely miss the orc. You squeeze the orc, but do no damage.
The orc is moderately wounded.
You constrict the orc. The orc barely misses you.
You slash the orc!
You kill the orc!
There are monsters nearby!
There are monsters nearby!
You closely miss the orc. Your grab misses the orc.
Your squeeze misses the orc.
You hear some strange, mumbled words.
A puff of flame appears from out of thin air!
The puff of flame hits you!
You hit the orc. Your grab misses the orc. Your squeeze misses the orc.
The orc is moderately wounded.
The orc barely misses you.
You slash the orc!
You kill the orc!
You slash the orc!
You kill the orc!
Something hits you.
You miss something. Something hits you.
You slash something! Something hits you.
You hit something but do no damage. Your squeeze misses something.
You barely miss the orc. The orc misses you. Something barely misses you.
Something hits you but does no damage. The orc misses you.
You miss something. Your squeeze misses something. You hit the orc.
The orc hits you with a +0 flail!
* * * LOW HITPOINT WARNING * * *
Something hits you.
* * * LOW HITPOINT WARNING * * *
Unknown command.
You closely miss the orc. Your grab misses the orc.
The orc is lightly wounded.
You closely miss something. The orc barely misses you.
You hear some strange, mumbled words.
Something tries to affect you, but you resist.
Unknown command.
Okay, then.
Okay, then.
You hit something. You hit the orc. The orc barely misses you.
You hear some strange, mumbled words.
Something tries to affect you, but you resist.
You hear some strange, mumbled words.
A magic dart appears from out of thin air!
The magic dart hits you!
You die...

#.... ## ## #.... . ..
#.##. #######.♣.♣.♣ #.
#. ##.....#...... # #.
#.....))...... ###.###
#..###.# .......
#!.#.o{# #.####
#..#.#@# #.####
#.....)# ### #...##
##.....# #.# #.#[##
#.###.#####.#####.#.##
#. #.................
.. ####.....#####..##
.#. #......†.##..#.
#.#. #.....##....... #
#. #.....#####.#.#


You could see an orc.

Vanquished Creatures
  2 adders (D:2)
  3 worms
  3 dart slugs (D:1)
  3 orcs (D:3)
  6 ball pythons
  7 bats
  3 endoplasms
  2 giant cockroaches
  6 hobgoblins
  3 kobolds
  2 quokkas
  3 frilled lizards
  2 goblins (D:3)
  8 rats
53 creatures vanquished.

Notes
Turn   | Place    | Note
-------+----------+-------------------------------------------
     0 | D:1      | Flugslaktarn the Octopode Fighter began the quest for the
                  | Orb.
     0 | D:1      | Reached XP level 1. HP: 16/16 MP: 1/1
   188 | D:1      | Reached XP level 2. HP: 21/21 MP: 2/2
   310 | D:1      | Reached XP level 3. HP: 22/26 MP: 3/3
   619 | D:1      | Got Xuluet's Compendium of Doomed Frost
  1048 | D:2      | Got Sif Muna's Omnibus of the Geometric Panacea
  1641 | D:2      | Reached XP level 4. HP: 31/31 MP: 4/4
  2189 | D:3      | HP: 1/31 [something (3)]
  2191 | D:3      | Killed from afar by an orc wizard

Illustrated notes

Levels and vault maps discovered:
D:1:      onia_arrival_handbag, layout_basic
D:2:      layout_loops_cross, minmay_pentomino_q4
D:3:      layout_loops_cross, nicolae_sif_muna_little_library,
          grunt_ministairs_3, guppyfry_early_lair_pool

Skill      XL: |  1  2  3 |
---------------+----------+-----
Axes           | 3 |  3.2
Fighting       | |  3.5
Dodging        | |  3.5
Shields        | |  3.5

Action                     |  1- 3 |  4- 6 || total
---------------------------+-------+-------++-------
  Melee: War axe           |    54 |    32 ||    86
         Tentacles         |    10 |     8 ||    18
         Constrict         |    11 |     8 ||    19
         Punch             |     1 |       ||     1
   Stab: Sleeping          |     8 |     3 ||    11
         Distracted        |       |     1 ||     1
 Armour: Skin              |     4 |     1 ||     5
  Dodge: Dodged            |    31 |    12 ||    43
  Block: Buckler           |     3 |     6 ||     9

Table legend: (Time is in decaauts)
 A = Elapsed time spent in this place.
 B = Non-inter-level travel time spent in this place.
 C = Inter-level travel time spent in this place.
 D = Time resting spent in this place.
 E = Time spent auto-exploring this place.
 F = Levels seen in this place.
 G = Mean time per level.
                   A        B        C        D        E       F      G
               +--------+--------+--------+--------+--------+-----+--------+
         Total |   2224 |   2188 |     36 |    102 |   1760 |   3 |  741.3 |
       Dungeon |   2224 |   2188 |     36 |    102 |   1760 |   3 |  741.3 |
               +--------+--------+--------+--------+--------+-----+--------+

Top non-repeatable levels by time:
     D:1: 965 daAuts
     D:2: 799 daAuts
     D:3: 460 daAuts
